 Dungeon Crawl Stone Soup version 0.26-a0-53-g45f243fec8 (webtiles) character file.

Game seed: 10296339473219793517

112 D1HalberdGnoll the Chopper (level 5, -2/42 HPs)
             Began as a Human Berserker on June 7, 2020.
             Was a Believer of Trog.
             Slain by a gnoll
             ... wielding a +0 flail
              (9 damage)
             ... on level 3 of the Dungeon.
             The game lasted 00:02:19 (2206 turns).

D1HalberdGnoll the Chopper (Human Berserker)        Turns: 2206, Time: 00:02:20

Health: -2/42      AC:  5    Str: 19    XL:     5   Next: 16%
Magic:  5/5        EV: 12    Int:  7    God:    Trog [**....]
Gold:   89         SH:  3    Dex: 12    Spells: 4/4 levels left

rFire    . . .     SeeInvis .   a - +0 hand axe
rCold    . . .     Gourm    .   n - +0 buckler
rNeg     . . .     Faith    .   f - +0 leather armour
rPois    .         Spirit   .   i - +1 helmet
rElec    .         Reflect  .   (no cloak)
rCorr    .         Harm     .   (no gloves)
MR       .....                  (no boots)
Stlth    +.........             (no amulet)
HPRegen  0.14/turn              (no ring)
MPRegen  0.09/turn              (no ring)

@: berserk cooldown, slowed, very slow
A: no striking features
a: Berserk, Trog's Hand, Renounce Religion


You were on level 3 of the Dungeon.
You worshipped Trog.
Trog was pleased with you.
You were not hungry.

You visited 1 branch of the dungeon, and saw 3 of its levels.

You collected 89 gold pieces.

Inventory:

Hand Weapons
 a - a +0 hand axe (weapon)
Missiles
 h - 8 poisoned darts (quivered)
Armour
 f - a +0 leather armour (worn)
 i - a +1 helmet (worn)
 n - a +0 buckler (worn)
Scrolls
 b - a scroll of teleportation {unknown}
 g - a scroll of noise {unknown}
 k - 4 scrolls of identify {unknown}
 l - 2 scrolls of immolation {unknown}
Potions
 d - 2 potions of stabbing {unknown}
 e - 2 potions of flight {unknown}
 j - a potion of lignification {unknown}
 m - a potion of ambrosia {unknown}
 o - a potion of mutation {unknown}
 p - a potion of degeneration {unknown}
Comestibles
 c - a ration


   Skills:
 + Level 3.7 Fighting
 + Level 3.7 Axes
 + Level 2.9 Armour
 + Level 2.9 Dodging
 + Level 0.1 Shields


You had 4 spell levels left.
You didn't know any spells.
Your spell library was empty.

Dungeon Overview and Level Annotations

Branches:
Dungeon (3/15)

Altars:
Yredelemnul


Message History

The gnoll completely misses you.
Found a stone staircase leading down.
Items here: ))) †† a +0 club; a +0 flail; a +0 short sword; a goblin corpse; a gnoll corpse You completely miss the gnoll.
You closely miss the gnoll. The gnoll hits you with a +0 flail!
The gnoll closely misses you.
You slash the gnoll!
The gnoll is severely wounded.
You hit the gnoll. The gnoll hits you with a +0 flail!
* * * LOW HITPOINT WARNING * * *
You barely miss the gnoll.
The gnoll is severely wounded.
You hit the gnoll. The gnoll misses you.
You hit the gnoll.
The gnoll is almost dead.
You closely miss the gnoll.
You are no longer berserk.
You are exhausted.
You feel yourself slow down. The gnoll hits you with a +0 flail!
You die...

#....%....# #.........#
#.........#########
#.................#
#.........#######>#
#.......†.# .#
#...<.)...### .######
#.....)...#.#####g......
#..........÷....@g..#
#####.#.......#####.#
#.#.##...## ....###.##
###### ###


You could see 2 gnolls.

Vanquished Creatures
  Jessica (D:2)
  A gnoll (D:3)
  An adder (D:3)
  An ooze (D:1)
  2 worms (D:2)
  2 dart slugs (D:1)
  2 leopard geckos (D:2)
  4 giant cockroaches
  9 goblins
  6 hobgoblins
  4 ball pythons
  5 bats
  3 frilled lizards (D:1)
  7 kobolds
  6 rats
54 creatures vanquished.

Notes
Turn   | Place    | Note
-------+----------+-------------------------------------------
     0 | D:1      | D1HalberdGnoll the Human Berserker began the quest for the
                  | Orb.
     0 | D:1      | Reached XP level 1. HP: 18/18 MP: 1/1
    87 | D:1      | Reached XP level 2. HP: 18/24 MP: 2/2
   326 | D:1      | Reached XP level 3. HP: 28/29 MP: 3/3
   728 | D:2      | Noticed Jessica
  1188 | D:2      | Found a basalt altar of Yredelemnul.
  1194 | D:2      | Killed Jessica
  1194 | D:2      | Reached XP level 4. HP: 36/36 MP: 4/4
  1464 | D:2      | Reached ** piety under Trog
  2005 | D:3      | Reached XP level 5. HP: 25/42 MP: 5/5
  2206 | D:3      | Slain by a gnoll

Illustrated notes

Levels and vault maps discovered:
D:1:      minmay_arrival_three_doors, layout_rooms
D:2:      layout_loops_cross, overflow_temple_1_default,
          serial_co_window_serial, co_window_of_opportunity_a,
          co_window_corner_a, co_window_cross_1, co_window_paths_a,
          co_window_of_opportunity_a, co_window_of_opportunity_a,
          co_window_broadway_b, co_window_of_opportunity_b, co_window_corner_ca,
          co_window_of_opportunity_c, co_window_of_opportunity_c,
          co_window_4corner_a, co_window_paths_d, glass_columns_c,
          glass_columns_b, uniq_jessica
D:3:      layout_loops_ring, nicolae_overflow_crystal_walls, led_sif_book,
          first_ration, kennysheep_slug_shrine

Action                   |  1- 3 |  4- 6 || total
-------------------------+-------+-------++-------
Melee: Hand axe          |    93 |    64 ||   157
Invok: Berserk           |       |     2 ||     2
       Trog's Hand       |       |     1 ||     1
 Stab: Sleeping          |       |     1 ||     1
  Eat: Chunk             |     1 |     2 ||     3
       Ration            |       |     1 ||     1
Armor: Animal skin       |     4 |       ||     4
       Leather armour    |    28 |    16 ||    44
Dodge: Dodged            |    52 |    32 ||    84
Block: Buckler           |       |     1 ||     1

Table legend:
 A = Non-vault XP
 B = Vault XP
 C = Vault XP percentage of total XP
 D = Non-vault monster count
 E = Vault monster count
 F = Vault count percentage of total count
                 A         B        C        D         E       F
            +---------+---------+-------+---------+---------+-------
      Total |     124 |      37 |  23.0 |      53 |       1 |   1.9
            +---------+---------+-------+---------+---------+-------
        D:1 |      46 |       0 |   0.0 |      24 |       0 |   0.0
        D:2 |      38 |      37 |  49.3 |      19 |       1 |   5.0
        D:3 |      40 |       0 |   0.0 |      10 |       0 |   0.0
            +---------+---------+-------+---------+---------+-------
